 Dungeon Crawl Stone Soup version 0.26-a0-30-g56b8cd3df0 (webtiles) character file.

Game seed: 15113595693062390765, levelgen mode: deterministic

51 sanka the Chiller (level 3, 0/24 HPs)
             Began as a Barachi Ice Elementalist on May 28, 2020.
             Slain by a worker ant zombie (2 damage)
             ... on level 3 of the Dungeon.
             The game lasted 00:03:42 (2180 turns).

sanka the Chiller (Barachi Ice Elementalist)        Turns: 2180, Time: 00:03:43

Health: 0/24       AC:  7    Str:  9    XL:     3   Next: 81%
Magic:  1/7        EV: 12    Int: 16    God:
Gold:   57         SH:  0    Dex: 12    Spells: 1/8 levels left

rFire    . . .     SeeInvis .   b - +0 spear
rCold    . . .     Gourm    .   (no shield)
rNeg     . . .     Faith    .   a - +0 robe
rPois    .         Spirit   .   (no helmet)
rElec    .         Reflect  .   (no cloak)
rCorr    .         Harm     .   (no gloves)
MR       .....                  (no boots)
Stlth    ++........             (no amulet)
HPRegen  0.08/turn              (no ring)
MPRegen  0.10/turn              (no ring)

@: icy armour, slow
A: +LOS, swims, slowness 1, strong legs 1
a: Hop


You were on level 3 of the Dungeon.
You were near starving.

You visited 1 branch of the dungeon, and saw 4 of its levels.

You collected 57 gold pieces.


Innate Abilities, Weirdness & Mutations

You can be seen from farther away. (+LOS)
You can swim through water.
You cover ground slowly.
You can hop short distances.


   Skills:
 - Level 2.1 Dodging
 - Level 1.7 Stealth
 - Level 3.0 Spellcasting
 + Level 6.0 Ice Magic


You had one spell level left.
You knew the following spells:

 Your Spells              Type           Power        Failure   Level  Hunger
a - Ozocubu's Armour      Chrm/Ice       ##......     16%         3    ###....
y - Frozen Ramparts       Ice            ###...       4%          3    ###....
z - Freeze                Ice            ###.         1%          1    #......

Your spell library contained the following spells:

 Spells                   Type           Power        Failure   Level  Hunger
 Hailstorm                Conj/Ice       ##......     47%         4    #####..
 Summon Ice Beast         Ice/Summ       ##......     47%         4    #####..

Inventory:

Hand Weapons
 b - a +0 spear (weapon)
Missiles
 n - 41 stones (quivered)
Armour
 a - a +0 robe (worn)
Scrolls
 d - a scroll of enchant weapon {unknown}
 e - 2 scrolls of remove curse {unknown}
 f - a scroll of immolation {unknown}
 i - 2 scrolls of amnesia {unknown}
 j - a scroll of enchant armour {unknown}
 k - a scroll of identify {unknown}
 l - a scroll of fear {unknown}
 m - a scroll of blinking {unknown}
Potions
 g - a potion of cancellation {unknown}
 h - a potion of curing {unknown}
 o - 2 potions of might {unknown}
 p - a potion of stabbing {unknown}
Comestibles
 c - 5 rations

Dungeon Overview and Level Annotations

Branches:
Dungeon (4/15)
 Temple: D:4-7

Altars:

▒▒▒▒▒▒▒▒▒▒▒▒▒
▒...oF......▒
▒▒....▒...Z.......▒
...................▒▒
.............▒▒'▒▒.>▒▒▒
......▒.....▒▒8.8▒▒...▒
o8.P.....▒.▒▒.....▒▒▒.▒▒
..88.....▒▒▒8.....8▒▒..▒
..8......▒▒.........▒▒.▒
...8P....▒8.........8▒.▒


You could see an orc wizard (fast) and a worker ant zombie.


Message History

* * * LOW HITPOINT WARNING * * *
Attack whom?
Aim: a worker ant zombie You reach to attack!
You hit the worker ant zombie.
The worker ant zombie is lightly damaged.
The wall freezes the orc wizard.
You hit the worker ant zombie.
The worker ant zombie is moderately damaged.
The wall freezes the orc wizard.
The orc wizard misses you. The worker ant zombie bites you.
* * * LOW HITPOINT WARNING * * *
The wall freezes the orc wizard.
The orc wizard looks satisfied for a moment.
Unknown command.
You hit the worker ant zombie but do no damage.
The worker ant zombie is moderately damaged.
The wall freezes the orc wizard.
The orc wizard hits you but does no damage.
The worker ant zombie bites you but does no damage.
Unknown command.
Unknown command.
Unknown command.
You hit the worker ant zombie.
The worker ant zombie is heavily damaged.
The frozen ramparts melt away.
The orc wizard hits you but does no damage.
The worker ant zombie bites you.
You die...

Action                   || total
-------------------------++-------
Melee: Spear             ||    47
 Cast: Freeze            ||    45
       Ozocubu's Armour  ||     1
       Frozen Ramparts   ||     1
 Stab: Sleeping          ||     6
  Eat: Chunk             ||     3
Armor: Robe              ||     8
Dodge: Dodged            ||    32

Levels and vault maps discovered:
D:1:      shiori_arrival_oz, layout_basic
D:2:      layout_rooms
D:3:      minmay_bubble_buster, layout_basic, first_ration, serial_undead,
          serial_undead_c, serial_undead_c, serial_undead_f, serial_undead_a,
          minmay_misc_feat_four_crosses, dk_noncrumbling_4, xom_redecorated
D:4:      layout_layer_cave, minmay_misc_feat_enclosed, minmay_misc_feat_square

Notes
Turn   | Place    | Note
-------+----------+-------------------------------------------
     0 | D:1      | sanka the Barachi Ice Elementalist began the quest for the
                  | Orb.
     0 | D:1      | Reached XP level 1. HP: 13/13 MP: 3/3
   193 | D:1      | Reached skill level 5 in Ice Magic
   305 | D:1      | Reached XP level 2. HP: 13/19 MP: 1/5
   830 | D:1      | Reached XP level 3. HP: 15/24 MP: 0/7
   837 | D:1      | Reached skill level 3 in Spellcasting
   992 | D:1      | Learned a level 3 spell: Frozen Ramparts
   996 | D:1      | Learned a level 3 spell: Ozocubu's Armour
  2092 | D:3      | Reached skill level 6 in Ice Magic
  2178 | D:3      | HP: 2/24 [worker ant zombie (1)]
  2180 | D:3      | Slain by a worker ant zombie

Vanquished Creatures
  An adder (D:3)
  A leopard gecko (D:1)
  A giant cockroach (D:1)
  6 goblins (D:1)
  9 hobgoblins (D:1)
  4 jackals (D:1)
  2 bats (D:1)
  4 frilled lizards (D:1)
  4 kobolds (D:1)
  6 rats (D:1)
38 creatures vanquished.
